 Dungeon Crawl Stone Soup version 0.29.1-13-g9f3cf754e1 (webtiles) character file.

Game seed: 17027045418759106855

96 BeingJoeMalik the Cudgeller (level 4, 0/28 HPs)
             Began as a Gargoyle Fighter on Feb 10, 2023.
             Slain by a black bear (7 damage)
             ... on level 4 of the Dungeon.
             The game lasted 00:04:02 (2661 turns).

BeingJoeMalik the Cudgeller (Gargoyle Fighter)      Turns: 2661, Time: 00:04:02

Health: 0/28       AC: 10    Str: 19    XL:     4   Next: 67%
Magic:  4/4        EV:  9    Int:  9    God:
Gold:   146        SH:  4    Dex: 11    Spells: 3/3 levels left

rFire   . . .      SeeInvis .   a - +0 flail
rCold   . . .      Faith    .   c - +0 buckler
rNeg    + . .      Spirit   .   b - +0 scale mail
rPois   ∞          Reflect  .   (no helmet)
rElec   +          Harm     .   (no cloak)
rCorr   .          Rampage  .   (no gloves)
Will    .....                   (no boots)
Stlth   ..........              (no amulet)
HPRegen 0.09/turn               (no ring)
MPRegen 0.09/turn               (no ring)

@: mighty
A: sickness immunity, AC +3, negative energy resistance 1, electricity
resistance, torment resistance 1, petrification resistance
a: no special abilities


You were on level 4 of the Dungeon.
You visited 1 branch of the dungeon, and saw 4 of its levels.

You collected 146 gold pieces.

Inventory:

Hand Weapons
 a - a +0 flail (weapon)
Armour
 b - a +0 scale mail (worn)
 c - a +0 buckler (worn)
 n - the -1 kite shield of Soziopt {rN+++ Dex+4 Slay-3}
   (You found it on level 2 of the Dungeon)

   Dex:       It affects your dexterity (+4).
   Slay:      It affects your accuracy & damage with ranged weapons and melee
   (-3).
   rN:        It renders you almost immune to negative energy.
Scrolls
 g - a scroll of blinking {unknown}
 h - a scroll of magic mapping {unknown}
 i - a scroll of brand weapon {unknown}
 k - 3 scrolls of identify {unknown}
 m - a scroll of enchant armour {unknown}
 o - a scroll of immolation {unknown}
 q - 2 scrolls of enchant weapon {unknown}
Potions
 e - a potion of invisibility {unknown}
 f - 3 potions of lignification {unknown}
 j - 3 potions of heal wounds {unknown}
 l - a potion of ambrosia {unknown}
 p - a potion of brilliance {unknown}
 r - 2 potions of attraction {unknown}
 s - a potion of flight {unknown}


   Skills:
 - Level 3.2 Fighting
 + Level 4.7 Maces & Flails
 - Level 3.2 Armour
 - Level 3.2 Shields


You had 3 spell levels left.
You didn't know any spells.
Your spell library contained the following spells:

 Spells                   Type           Power      Damage    Failure   Level
 Sting                    Tmut/Pois      0%         1d3       85%         1
 Poisonous Vapours        Pois/Air       0%         N/A       94%         2
 Gell's Gravitas          Tloc           0%         N/A       99%         3
 Lesser Beckoning         Tloc           0%         N/A       99%         3
 Teleport Other           Tloc           0%         N/A       99%         3
 Olgreb's Toxic Radiance  Pois           0%         N/A       100%        4


Dungeon Overview and Level Annotations

Branches:
Dungeon (4/15)
 Temple: D:4-7

Altars:


Innate Abilities, Weirdness & Mutations

You are immune to sickness and miasma.
Your stone body is resilient. (AC +3)
You are immune to poison.
You resist negative energy. (rN+)
You are resistant to electric shocks. (rElec)
You are resistant to unholy torment.
You are immune to petrification.


Message History

The black bear bites you. The black bear claws you.
The black bear barely misses you.
You hit the black bear.
The black bear is lightly wounded.
You block the black bear's attack. The black bear closely misses you. x2
The black bear bites you. The black bear claws you.
The black bear claws you but does no damage.
You are too injured to fight recklessly!
You sock the black bear!
The black bear is heavily wounded.
The black bear bites you. The black bear claws you.
The black bear barely misses you.
You barely miss the black bear.
The black bear is heavily wounded.
The black bear bites you but does no damage.
The black bear claws you but does no damage.
The black bear closely misses you.
You closely miss the black bear.
The black bear is heavily wounded.
The black bear bites you but does no damage.
The black bear claws you. x2
* * * LOW HITPOINT WARNING * * *
Okay, then.
You barely miss the black bear.
The black bear is heavily wounded.
The black bear bites you but does no damage.
The black bear claws you but does no damage.
You block the black bear's attack.
Unknown command.
You hit the black bear.
The black bear is severely wounded.
You block the black bear's attack. The black bear barely misses you.
The black bear claws you but does no damage.
The black bear bites you but does no damage.
The black bear claws you but does no damage. x2
Unknown command.
You barely miss the black bear.
The black bear is severely wounded.
The black bear bites you!
You die...

#...##S##.#
#.#
#...#)#.#
#.#
##S.###.#
#.#
##.K...#
#.#
#.######.#
#.#
#......oS#
#.#
########K#
#.# #h# #.#
#@# #.# #.#
#.# #.#
#.### #.#
#...#
#.#####.##
#.....[..#
##########


You could see a black bear, an orc, a ball python and a kobold.

Vanquished Creatures
  2 gnolls
  2 adders
  3 worms
  3 dart slugs
  9 bats
  3 endoplasms
  2 giant cockroaches (D:2)
  8 hobgoblins
  A quokka (D:2)
  7 ball pythons
  3 frilled lizards
  3 kobolds
  2 rats
  A toadstool (D:1)
49 creatures vanquished.

Vanquished Creatures (others)
  2 plants (D:2)
  3 toadstools (D:1)
5 creatures vanquished.

Grand Total: 54 creatures vanquished

Notes
Turn   | Place    | Note
-------+----------+-------------------------------------------
     0 | D:1      | BeingJoeMalik the Gargoyle Fighter began the quest for the
                  | Orb.
     0 | D:1      | Reached XP level 1. HP: 14/14 MP: 1/1
   177 | D:1      | Reached XP level 2. HP: 19/19 MP: 2/2
   246 | D:1      | Found a faded altar of an unknown god.
   260 | D:1      | Reached skill level 3 in Maces & Flails
   727 | D:1      | Reached XP level 3. HP: 23/23 MP: 3/3
  1137 | D:2      | Reached skill level 4 in Maces & Flails
  1747 | D:2      | Identified the -1 kite shield of Soziopt {rN+++ Dex+4
                  | Slay-3}
  1761 | D:2      | Reached XP level 4. HP: 28/28 MP: 4/4
  2257 | D:3      | Identified the +8 falchion "Voif" {venom, rPois rC- Int+8}
  2642 | D:4      | Noticed a black bear
  2661 | D:4      | Slain by a black bear

Illustrated notes

Levels and vault maps discovered:
D:1:      ldierk_water_garden, layout_loops_ring,
          chequers_ecumenical_altar_simple
D:2:      layout_basic, serial_bayou_crossing
D:3:      layout_loops_ring, serial_shops, nicolae_shop_overgrown_old_shop
D:4:      layout_basic, zin_scriptorium, old_standard_altar, minmay_vboxes

Skill      XL: |  1  2  3 |
---------------+----------+-----
Maces & Flails | 3 4 |  4.7
Fighting       | |  3.2
Armour         | |  3.2
Shields        | |  3.2

Action                   |  1- 3 |  4- 6 || total
-------------------------+-------+-------++-------
Melee: Flail             |    91 |    58 ||   149
  Use: Potion            |       |     1 ||     1
Armor: Scale mail        |    57 |    48 ||   105
Dodge: Dodged            |    45 |    31 ||    76
Block: Buckler           |    21 |    13 ||    34
